AoeStats
← Master

Baltic

510282028Analyzed
4v4 RM · 2d ago on Sep 30, 2026· 79m 58s· 8 players
Game mode
Random Map
Map size
Large (8 player)
Population
200
Speed
Normal
Resources
Standard
Victory
Conquest
Starting age
Dark Age
Ending age
Imperial Age
RankedLock teamsTeams togetherTeam positionsShared explorationLock speedFull tech treeHidden civsTurbo modeCheats
Victory
Defeat
🇨🇳 Danes · China
936
+14
🇮🇳 Varangians · India
864
+17
🇲🇽 Persians · Mexico
843
+18
🇨🇳 Chinese · China
784
+20
🇫🇷 Lithuanians · France
900
-18
🇮🇹 Danes · Italy
898
-18
🇷🇴 Bulgarians · Romania
886
-17
🇮🇹 Huns · Italy
858
-16
R A T I G H E R
5:07 Loom
10:51 Feudal Age
13:24 Double-Bit Axe
14:10 Horse Collar
18:54 Forging
18:40 Gold Mining
21:30 Castle Age
20:23 Forging
20:17 Scale Mail Armor
20:14 Fletching
21:49 Padded Archer Armor
21:52 Scale Mail Armor
23:03 Wheelbarrow
22:32 Bodkin Arrow
23:16 Thumb Ring
23:30 Leather Archer Armor
23:52 Bow Saw
23:47 Heavy Plow
26:03 Medium Warships
26:35 Hand Cart
26:59 Town Watch
31:23 Iron Casting
36:10 Imperial Age
33:58 Chain Mail Armor
34:30 Ballistics
34:02 Heated Shot
35:34 Gold Shaft Mining
36:58 Elite Longship
38:08 Caravan
39:26 Bracer
40:21 Heavy Warships
40:26 Conscription
40:59 Elite Varangian Guard
42:41 Blast Furnace
42:13 Plate Mail Armor
43:15 Ring Archer Armor
42:40 Hamask
43:08 Gambesons
43:24 Squires
44:53 Shipwright
45:07 Clinker Construction
45:10 Careening
49:11 Siege Engineers
50:08 Chemistry
52:41 Heavy Mounted Crossbowman
52:43 Cranequins
55:38 Scale Barding Armor
57:14 Northmen's Fury
60:51 Bloodlines
60:42 Husbandry
68:04 Capped Ram
73:03 Siege Ram
IOZIF
9:57 Loom
12:29 Feudal Age
17:32 Castle Age
15:52 Double-Bit Axe
18:23 Scale Mail Armor
19:18 Arson
21:10 Gambesons
22:04 Forging
22:10 Chain Mail Armor
22:51 Pikeman
28:58 Iron Casting
28:53 Murder Holes
31:25 Fletching
31:33 Horse Collar
32:31 Wheelbarrow
33:10 Scale Barding Armor
33:35 Bloodlines
34:37 Bow Saw
35:06 Heavy Plow
36:02 Light Cavalry
40:11 Imperial Age
38:06 Gold Mining
39:06 Husbandry
42:10 Gold Shaft Mining
42:06 Stirrups
42:34 Conscription
42:43 Hand Cart
42:33 Cavalier
43:22 Elite Konnik
45:17 Blast Furnace
44:47 Chain Barding Armor
46:51 Plate Barding Armor
47:02 Hussar
48:11 Onager
48:54 Cavalier
50:52 Siege Onager
60:18 Halberdier
Julian
7:22 Loom
10:50 Feudal Age
11:25 Double-Bit Axe
19:51 Castle Age
18:43 Forging
19:01 Horse Collar
22:33 Iron Casting
22:06 Scale Barding Armor
25:10 Gold Mining
25:51 Chain Barding Armor
27:28 Bloodlines
27:19 Husbandry
30:05 Marauders
41:42 Imperial Age
41:49 Elite Tarkan
43:59 Cavalier
45:43 Blast Furnace
45:19 Plate Barding Armor
45:22 Gold Shaft Mining
45:52 Conscription
47:54 Wheelbarrow
47:37 Paladin
49:03 Heavy Plow
milou
12:16 Feudal Age
17:39 Loom
18:30 Wheelbarrow
21:05 Castle Age
19:48 Horse Collar
19:57 Double-Bit Axe
20:27 Scale Barding Armor
23:28 Bow Saw
30:19 Treadmill Crane
30:34 Murder Holes
31:05 Chain Barding Armor
32:55 Forging
33:17 Husbandry
33:28 Bloodlines
38:29 Imperial Age
37:04 Iron Casting
38:35 Cavalier
38:48 Onager
41:14 Chemistry
39:38 Cavalier
39:45 Cavalier
42:07 Plate Barding Armor
41:13 Paladin
44:45 Two-Man Saw
44:32 Conscription
54:51 Light Cavalry
55:24 Capped Ram
71:02 Pikeman
71:43 Squires
71:29 Arson
75:57 Halberdier
該死的安倍晉三
0:35 Loom
13:09 Feudal Age
13:48 Horse Collar
13:57 Double-Bit Axe
20:03 Castle Age
18:00 Stone Mining
18:22 Fletching
18:39 Gold Mining
21:31 Wheelbarrow
26:10 Bow Saw
26:47 Medium Warships
29:42 Hand Cart
30:28 Ballistics
30:54 Heavy Plow
35:33 Imperial Age
33:19 Padded Archer Armor
33:21 Town Watch
33:37 Bodkin Arrow
34:49 Town Patrol
35:05 Masonry
35:33 Caravan
36:15 Bracer
36:19 Squires
35:41 Pikeman
37:11 Conscription
37:39 Heavy Warships
37:36 Thumb Ring
37:51 Leather Archer Armor
37:37 Scale Mail Armor
37:07 Man-at-Arms
37:10 Halberdier
39:03 Chemistry
40:38 Elite Chu Ko Nu
45:35 Two-Man Saw
46:24 Rocketry
56:15 Bombard Tower
56:30 Ring Archer Armor
Master
10:37 Feudal Age
15:14 Castle Age
13:39 Double-Bit Axe
17:09 Bow Saw
16:40 Horse Collar
16:57 Fishing Lines
20:26 Loom
23:56 Heavy Plow
24:05 Gillnets
26:35 Stone Mining
26:38 Gold Mining
28:05 Wheelbarrow
30:10 Imperial Age
29:08 Hand Cart
28:39 Town Watch
29:53 Stone Shaft Mining
29:56 Scale Barding Armor
30:03 Forging
31:41 Chain Barding Armor
31:36 Bloodlines
31:26 Husbandry
32:47 Town Patrol
35:03 Plate Barding Armor
35:03 Iron Casting
34:34 Elite Jarl
36:07 Crop Rotation
39:31 Blast Furnace
38:54 Conscription
42:14 Caravan
47:11 Masonry
47:23 Ballistics
47:01 Murder Holes
46:48 Treadmill Crane
47:00 Fletching
53:11 Scale Mail Armor
53:07 Bodkin Arrow
53:46 Coinage
53:07 Gothikon
54:22 Elite Varangian Guard
54:47 Arson
55:03 Squires
54:48 Gambesons
56:13 Chain Mail Armor
55:59 Bracer
57:29 Plate Mail Armor
57:00 Bracer
57:33 Architecture
57:09 Siege Engineers
58:06 Chemistry
56:57 Heated Shot
56:39 Capped Ram
57:59 Banking
59:46 Siege Ram
66:12 Padded Archer Armor
76:27 Light Cavalry
79:30 Fervor
potatoes
7:29 Loom
12:30 Feudal Age
13:52 Double-Bit Axe
13:50 Horse Collar
20:51 Castle Age
22:26 Medium Warships
23:46 Heavy Plow
24:11 Bow Saw
33:24 Imperial Age
30:51 Hamask
34:10 Gold Mining
34:10 Stone Mining
34:50 Heavy Warships
34:32 Elite Longship
39:50 Conscription
38:51 Northmen's Fury
40:37 Capped Ram
40:39 Onager
42:19 Elite Varangian Guard
42:44 Arson
43:00 Squires
42:46 Gambesons
43:00 Town Watch
43:51 Wheelbarrow
47:32 Masonry
47:43 Ballistics
48:24 Chemistry
47:30 Siege Engineers
47:20 Murder Holes
47:13 Arrowslits
47:18 Guard Tower
50:29 Elite Jomsviking
55:30 Scale Mail Armor
55:41 Forging
55:21 Fletching
57:10 Siege Onager
74:25 Pikeman
77:58 Hand Cart
78:34 Halberdier
Long
9:09 Feudal Age
11:12 Loom
20:18 Castle Age
20:28 Bloodlines
20:03 Horse Collar
20:09 Double-Bit Axe
22:31 Forging
22:27 Scale Barding Armor
22:36 Bow Saw
22:29 Heavy Plow
23:13 Husbandry
28:48 Iron Casting
28:34 Chain Barding Armor
35:45 Imperial Age
37:10 Conscription
38:25 Wheelbarrow
41:15 Hand Cart
42:04 Town Watch
43:12 Crop Rotation
44:00 Town Patrol
45:09 Two-Man Saw
44:05 Gold Mining
44:12 Stone Mining
45:40 Blast Furnace
46:08 Elite War Elephant
47:52 Masonry
48:20 Hoardings
48:32 Plate Barding Armor
50:27 Gold Shaft Mining
50:30 Stone Shaft Mining
51:53 Thumb Ring
51:10 Crossbowman
52:16 Ballistics
52:56 Chemistry
51:52 Fletching
52:02 Padded Archer Armor
53:13 Bodkin Arrow
53:33 Leather Archer Armor
52:54 Cavalier
55:11 Kamandaran
59:07 Caravan
61:30 Ring Archer Armor
67:55 Architecture
76:17 Light Cavalry
Connection lost

Rejoining the realm…

Still unreachable

The connection could not be restored.

Session expired

The server has moved on; the page needs a fresh start.